 Dungeon Crawl Stone Soup version 0.16-a0-3303-g3c4fcab (webtiles) character file.

37 Fiveotanaka the Ruffian (level 3, 0/31 HPs)
             Began as a Naga Transmuter on Dec 25, 2014.
             Succumbed to an adder's poison
             ... on level 2 of the Dungeon.
             The game lasted 00:03:54 (1192 turns).

Fiveotanaka the Ruffian (Naga Transmuter)           Turns: 1192, Time: 00:03:54

Health: 0/31       AC:  2    Str: 12    XL:     3   Next: 39%
Magic:  6/6        EV: 10    Int: 19    God:
Gold:   22         SH:  0    Dex: 11    Spells: 1 memorised, 5 levels left

rFire  . . .     SeeInvis +       - Unarmed
rCold  . . .     Clarity  .     c - +0 robe
rNeg   . . .     SustAb   .     (no shield)
rPois  +         Gourm    .     (no helmet)
rElec  .         Spirit   .     (no cloak)
rCorr  .         Warding  .     (no gloves)
rMut   .         Stasis   .     (no barding)
MR     .....                    (no amulet)
Stlth  +.........               (no ring)
                                (no ring)

@: brilliant, lethally poisoned, very slow, not resistant to hostile
enchantments, very unstealthy
A: spit poison, see invisible, deformed body, poison resistance, slowness 2, AC
+1
a: Spit Poison


You were on level 2 of the Dungeon.
You were not hungry.

You visited 1 branch of the dungeon, and saw 2 of its levels.

You collected 22 gold pieces.

Inventory:

Missiles
 b - 33 arrows
 e - 6 stones (quivered)
 g - 11 poisoned needles
 j - 5 needles of frenzy
Armour
 c - a +0 robe (worn)
Scrolls
 i - a scroll of noise {unknown}
 l - a scroll of remove curse {unknown}
Books
 d - a book of Changes

   Spells                             Type                      Level
   a - Beastly Appendage              Transmutation                1
   b - Sticks to Snakes               Transmutation                2
   c - Spider Form                    Transmutation/Poison         3
   d - Ice Form                       Ice/Transmutation            4
   e - Blade Hands                    Transmutation                5
Comestibles
 a - a bread ration
 h - a royal jelly


   Skills:
 - Level 1.0 Fighting
 - Level 1.5 Dodging
 + Level 4.3 Unarmed Combat
 - Level 2.0 Spellcasting
 - Level 2.0 Transmutations


You had 5 spell levels left.
You knew the following spells:

 Your Spells              Type           Power        Failure   Level  Hunger
a - Beastly Appendage     Trmt           ###...       1%          1    #......


Dungeon Overview and Level Annotations

Branches:
Dungeon (2/15)

Altars:


Innate Abilities, Weirdness & Mutations

You cannot wear boots.
You can spit poison.
Your serpentine skin is tough (AC +1).
You have supernaturally acute eyesight.
Armour fits poorly on your strangely shaped body.
Your system is resistant to poisons.
You cover ground very slowly.


Message History

You feel sick.
* * * LOW HITPOINT WARNING * * *
You feel sick.
There is a lethal amount of poison in your body!
There is a lethal amount of poison in your body!
You have got your breath back.
* * * LOW HITPOINT WARNING * * *
You feel sick.
Drink which item? (? for menu, Esc to quit)
It was a potion of brilliance.
You feel clever all of a sudden.
* * * LOW HITPOINT WARNING * * *
You feel sick.
There is a stone staircase leading up here.
There is a lethal amount of poison in your body!
* * * LOW HITPOINT WARNING * * *
You feel sick.
* * * LOW HITPOINT WARNING * * *
You feel sick.
You die...

# #....#...# #.
#..#.....#########
#.##..##.............
##..#..###....#........
........#......####
###.#..#..#.)...#######
#....)........#.......##
#............#.##.#......#
#............)@..#........#
#............##...#.......#
#............###..#.......#
#..........###...........
#.........#.............
.####......##...#.....
...#... ..#...... . # #. #
##.


There were no monsters in sight!

Vanquished Creatures
  An adder (D:2)
  8 bats (D:1)
  2 goblins (D:1)
  3 hobgoblins
  3 kobolds
  A quokka (D:2)
  A giant cockroach (D:1)
  3 giant newts (D:1)
  3 jackals (D:1)
  2 rats (D:1)
27 creatures vanquished.

Notes
Turn   | Place    | Note
--------------------------------------------------------------
     0 | D:1      | Fiveotanaka, the Naga Transmuter, began the quest for the Orb.
     0 | D:1      | Reached XP level 1. HP: 18/18 MP: 3/3
   164 | D:1      | Reached XP level 2. HP: 19/25 MP: 4/4
   782 | D:1      | Reached skill level 4 in Unarmed Combat
   914 | D:1      | Reached XP level 3. HP: 24/31 MP: 4/6
  1190 | D:2      | HP: 1/31 [poisoned by an adder]
  1192 | D:2      | Succumbed to an adder's poison

Action                   || total
-------------------------++-------
Melee: Unarmed           ||   101
 Cast: Beastly Appendage ||    15
 Abil: Spit Poison       ||     2
  Use: Potion            ||     1
  Eat: Chunk             ||     1
